 Dungeon Crawl Stone Soup version 0.24-a0-520-g8fd06ad0bc (webtiles) character file.

Game seed: 11748195745439262014

43 Iscandelvey the Vexing (level 3, 24/26 HPs)
             Began as a Demonspawn Arcane Marksman on July 25, 2019.
             Quit the game on level 2 of the Dungeon.
             The game lasted 00:02:55 (559 turns).

Iscandelvey the Vexing (Demonspawn Arcane Marksman)  Turns: 559, Time: 00:02:55

Health: 24/26      AC:  3    Str: 10    XL:     3   Next: 37%
Magic:  2/5        EV: 12    Int: 15    God:
Gold:   35         SH:  0    Dex: 13    Spells: 1/4 levels left

rFire    . . .     SeeInvis .   g - +1 hunting sling (velocity)
rCold    . . .     Gourm    .   (no shield)
rNeg     . . .     Faith    .   e - +0 robe
rPois    .         Spirit   .   (no helmet)
rElec    .         Reflect  .   (no cloak)
rCorr    .         Harm     .   (no gloves)
MR       .....                  o - +0 pair of boots
Stlth    +.........             (no amulet)
HPRegen  0.08/turn              (no ring)
MPRegen  0.09/turn              (no ring)

@: no status effects
A: talons 1, powered by death 1
a: no special abilities


You were on level 2 of the Dungeon.
You were not hungry.

You visited 1 branch of the dungeon, and saw 2 of its levels.

You collected 35 gold pieces.

Inventory:

Hand Weapons
 a - a +0 hunting sling
 g - a +1 hunting sling of velocity (weapon)
 j - a +0 dagger
 l - a +0 dagger of venom
Missiles
 d - 12 sling bullets (quivered)
 n - a stone
Armour
 e - a +0 robe (worn)
 o - a +0 pair of boots (worn)
Scrolls
 b - 4 scrolls of remove curse {unknown}
 k - a scroll of amnesia {unknown}
Potions
 c - a potion of haste {unknown}
 h - a potion of mutation {unknown}
 m - a potion of cancellation {unknown}
 p - 2 potions of heal wounds {unknown}
 q - a potion of magic {unknown}
Comestibles
 f - 2 rations
 i - 2 chunks of flesh


   Skills:
 + Level 1.4 Fighting
 - Level 2.1(2.2) Slings
 * Level 0.8(1.5) Throwing
 + Level 2.0 Dodging
 * Level 1.4 Spellcasting
 * Level 3.5 Hexes


You had one spell level left.
You knew the following spells:

 Your Spells              Type           Power        Failure   Level  Hunger
a - Corona                Hex            ##.....      5%          1    ##.....
b - Slow                  Hex            ##......     9%          2    ###....

Your spell library contained the following spells:

 Spells                   Type           Power        Failure   Level  Hunger
 Inner Flame              Hex/Fire       #.......     34%         3    ####...
 Portal Projectile        Hex/Tloc       #.....       34%         3    ####...
 Cause Fear               Hex            ##........   50%         4    #####..
 Leda's Liquefaction      Hex/Erth       #.........   75%         4    #####..


Dungeon Overview and Level Annotations

Branches:
Dungeon (2/15)

Altars:


Innate Abilities, Weirdness & Mutations

You have sharp toenails.
You regenerate a little health from kills.


Message History

You feel clever.
You feel monstrous as your demonic heritage exerts itself.
Your demonic ancestry asserts itself...
Your toenails lengthen and sharpen.
d - 10 sling bullets (gained 5)
You see here a +0 robe.
d - 11 sling bullets (gained 1)
You feel yourself speed up.
Found a robe.
d - 12 sling bullets (gained 1)
Things that are here:
a +0 club; a hobgoblin corpse Your magical contamination has completely faded away.
You butcher the hobgoblin corpse.
i - 2 chunks of flesh
Things that are here:
a +0 club; a hobgoblin skeleton Unknown command.
Unknown command.
Are you sure you want to abandon this character and quit the game? (Confirm with "yes".)

#.........
........####
#..........
#........# #
#(.......##..
#####.....>...[.#
......).........###
[.....().@...[#(..#
.##................
..........###....#
#...#....[.......#
.........##.##...#
..........#..#...#
..........##.....#
.........####...#
........## #.###


There were no monsters in sight!

Vanquished Creatures
  Jessica (D:2)
  A dart slug (D:1)
  A giant cockroach (D:1)
  3 goblins (D:1)
  3 hobgoblins
  A kobold (D:1)
  2 bats (D:1)
  3 rats (D:1)
15 creatures vanquished.

Notes
Turn   | Place    | Note
-------+----------+-------------------------------------------
     0 | D:1      | Iscandelvey the Demonspawn Arcane Marksman began the quest
                  | for the Orb.
     0 | D:1      | Reached XP level 1. HP: 15/15 MP: 2/2
   126 | D:1      | Gained mutation: You regenerate a little health from kills.
                  | [demonic ancestry]
   126 | D:1      | Reached XP level 2. HP: 14/21 MP: 3/3
   199 | D:1      | Learned a level 2 spell: Slow
   532 | D:2      | Noticed Jessica
   543 | D:2      | Killed Jessica
   543 | D:2      | Gained mutation: You have sharp toenails. [demonic
                  | ancestry]
   543 | D:2      | Reached XP level 3. HP: 19/26 MP: 0/5
   559 | D:2      | Quit the game

Levels and vault maps discovered:
D:1:      lemuel_arrival_funnel, layout_rooms
D:2:      layout_rooms, nicolae_overflow_hidden_temple, first_ration,
          minmay_pentomino_x2, uniq_jessica

Skill      XL: |  1  2 |
---------------+-------+-----
Slings         | 2 |  2.1
Dodging        | 2 |  2.0
Fighting       | |  1.4
Throwing       | |  0.8
Spellcasting   | |  1.4
Hexes          | |  3.5

Action                   || total
-------------------------++-------
 Fire: Hunting sling     ||    43
 Cast: Corona            ||     1
Armor: Robe              ||     3
Dodge: Dodged            ||    13

Table legend:
 A = Non-vault XP
 B = Vault XP
 C = Vault XP percentage of total XP
 D = Non-vault monster count
 E = Vault monster count
 F = Vault count percentage of total count
                 A         B        C        D         E       F
            +---------+---------+-------+---------+---------+-------
      Total |      25 |      37 |  59.7 |      14 |       1 |   6.7
            +---------+---------+-------+---------+---------+-------
        D:1 |      23 |       0 |   0.0 |      13 |       0 |   0.0
        D:2 |       2 |      37 |  94.9 |       1 |       1 |  50.0
            +---------+---------+-------+---------+---------+-------
